 Dungeon Crawl Stone Soup version 0.25-a0-937-gcfae464cf3 (webtiles) character file.

Game seed: 927463755431625096, levelgen mode: deterministic

3442 gruber the Frost Mage (level 9, -9/57 HPs)
             Began as a Demonspawn Ice Elementalist on May 4, 2020.
             Was a Priest of Vehumet.
             Killed from afar by an electric eel (13 damage)
             ... with a bolt of electricity
             ... on level 8 of the Dungeon.
             The game lasted 00:21:43 (10611 turns).

gruber the Frost Mage (DsIE)                       Turns: 10611, Time: 00:21:44

Health: -9/57      AC:  9    Str: 13      XL:     9   Next: 77%
Magic:  36/36      EV: 13    Int: 20      God:    Vehumet [***...]
Gold:   543        SH:  0    Dex: 12 (13) Spells: 6/20 levels left

rFire    + . .     SeeInvis .   I - staff of cold
rCold    + . .     Gourm    +   (no shield)
rNeg     . . .     Faith    .   D - +0 leather armour of the Alphagorgon {rF+ Str+4 Stlth+}
rPois    .         Spirit   .   (helmet restricted)
rElec    .         Reflect  .   (no cloak)
rCorr    .         Harm     .   (no gloves)
MR       .....                  t - +2 pair of boots
Stlth    +++.......             l - amulet of the gourmand
HPRegen  0.19/turn              E - ring of magical power
MPRegen  0.25/turn              F - ring of magical power

@: no status effects
A: antennae 2, icy blue scales 2, powered by death 2
a: Renounce Religion


You were on level 8 of the Dungeon.
You worshipped Vehumet.
Vehumet was most pleased with you.
You were completely stuffed.

You visited 2 branches of the dungeon, and saw 9 of its levels.

You collected 543 gold pieces.

Inventory:

Hand Weapons
 v - a +0 rapier of venom
Armour
 a - a +1 robe
 t - a +2 pair of boots (worn)
 D - the +0 leather armour of the Alphagorgon (worn) {rF+ Str+4 Stlth+}
   (You found it on level 6 of the Dungeon)

   It affects your strength (+4).
   It protects you from fire.
   It makes you more stealthy.
Magical Staves
 r - an uncursed staff of earth
 I - an uncursed staff of cold (weapon)
Jewellery
 d - an uncursed amulet of the acrobat {unknown}
 l - an amulet of the gourmand (around neck)
 E - a ring of magical power (left hand)
 F - a ring of magical power (right hand)
Wands
 y - a wand of disintegration (13)
 C - a wand of clouds (3)
 H - a wand of paralysis (5)
Scrolls
 b - a scroll of fear {unknown}
 g - 5 scrolls of noise
 h - 2 scrolls of blinking {unknown}
 i - 3 scrolls of remove curse
 j - 12 scrolls of identify
 k - a scroll of enchant weapon {unknown}
 q - 5 scrolls of teleportation
 s - 2 scrolls of enchant armour
 w - a scroll of amnesia {unknown}
 A - 2 scrolls of magic mapping {unknown}
Potions
 e - 3 potions of haste {unknown}
 f - a potion of lignification {unknown}
 m - 3 potions of heal wounds {unknown}
 n - 5 potions of stabbing {unknown}
 o - 2 potions of brilliance {unknown}
 p - 3 potions of curing {unknown}
 u - a potion of ambrosia {unknown}
 x - 2 potions of cancellation {unknown}
 z - a potion of flight {unknown}
 B - a potion of berserk rage {unknown}
 G - a potion of might {unknown}
Comestibles
 c - 17 rations


   Skills:
 - Level 1.1 Short Blades
 - Level 4.0 Armour
 * Level 3.8 Dodging
 - Level 1.7 Stealth
 - Level 6.0 Spellcasting
 - Level 3.1 Conjurations
 - Level 5.0 Summonings
 - Level 3.0 Translocations
 - Level 8.3 Ice Magic


You had 6 spell levels left.
You knew the following spells:

 Your Spells              Type           Power        Failure   Level  Hunger
a - Freeze                Ice            ####         1%          1    None
b - Frozen Ramparts       Ice            ######       1%          3    ##.....
c - Blink                 Tloc           N/A          5%          2    None
d - Summon Ice Beast      Ice/Summ       #####...     9%          4    ####...
e - Hailstorm             Conj/Ice       #####...     3%          4    ####...

Your spell library contained the following spells:

 Spells                   Type           Power        Failure   Level  Hunger
 Iskenderun's Mystic Bla  Conj/Tloc      ###.....     11%         4    ####...
 Magic Dart               Conj           ###.         1%          1    None
 Call Imp                 Summ           ####....     2%          2    None
 Conjure Flame            Conj/Fire      ##......     5%          3    ##.....
 Mephitic Cloud           Conj/Pois/Air  ##......     7%          3    ##.....
 Ozocubu's Armour         Chrm/Ice       ####....     7%          3    ##.....
 Slow                     Hex            #.......     19%         2    None


Dungeon Overview and Level Annotations

Branches:
Dungeon (8/15)             Temple (1/1) D:4
   Lair: D:8-11

Altars:
Ashenzari
Dithmenos
Elyvilon
Fedhas
Gozag
Hepliaklqana
Kikubaaqudgha
Makhleb
Ru
Trog
Uskayaw
Vehumet
Wu Jian
Xom
Zin
The Shining One


Innate Abilities, Weirdness & Mutations

You have a pair of antennae on your head.
You are mostly covered in icy blue scales. (AC +3)
You regenerate health from kills.


Message History

The electric eel shoots out a bolt of lightning at you!
The bolt of electricity hits the plant.
The bolt of electricity hits you!
* * * LOW HITPOINT WARNING * * *
The electric eel shoots out a bolt of lightning at you!
The bolt of electricity hits the electric eel.
The electric eel completely resists.
The bolt of electricity hits the plant!
The bolt of electricity hits you.
* * * LOW HITPOINT WARNING * * *
Unknown command.
Unknown command.
The electric eel shoots out a bolt of lightning at you!
The bolt of electricity hits the plant!
The bolt of electricity hits the electric eel.
The electric eel completely resists.
The bolt of electricity hits you!
* * * LOW HITPOINT WARNING * * *
The electric eel shoots out a bolt of lightning at you!
The bolt of electricity hits the plant!
The plant is destroyed!
The bolt of electricity misses you. The bolt of electricity hits you!
You die...

≈♣≈ ♣≈≈≈≈≈≈≈≈≈≈≈
♣≈≈≈≈≈≈P≈≈≈≈≈≈≈≈≈≈≈
♣≈≈≈;≈≈≈≈≈≈≈≈≈≈≈≈≈≈
≈≈≈≈≈P≈;≈≈≈≈≈≈≈≈≈≈
≈≈♣≈;P≈≈≈≈≈≈≈≈≈≈≈
♣≈≈≈≈≈≈≈≈≈≈≈≈≈≈≈≈
#.###♣≈♣PP≈≈≈≈≈≈≈P≈≈≈P
#....@.≈≈♣≈♣♣P≈≈≈;≈≈≈≈
######..P♣P♣≈P≈♣≈P♣≈♣♣
#.#....♣ ♣♣≈≈≈♣
#.#.#### #.#... #.#.#
#.#### #.#.#
+####..... ###.#
....[...... #.#
........... #.#
..<........


You could see 3 electric eels.

Vanquished Creatures
  A hippogriff (D:5)
  Sigmund (D:5)
  A nameless horror (D:8)
  Duvessa (D:6)
  An orc warrior (D:6)
  A sky beast (D:7)
  3 ogres
  2 centaurs
  A crocodile (D:7)
  A big kobold (D:8)
  Blork the orc (D:6)
  5 bullfrogs
  2 scorpions
  4 killer bees (D:7)
  2 howler monkeys
  An electric eel (D:8)
  A crimson imp (D:5)
  A quasit (D:8)
  2 hounds
  A bullfrog zombie (D:8)
  A jelly (D:8)
  5 orc priests
  A centaur skeleton (D:4)
  3 iguanas
  10 worker ants
  6 orc wizards
  A hound zombie (D:7)
  A hound skeleton (D:5)
  Robin (D:2)
  11 adders
  5 gnolls
  A howler monkey skeleton (D:5)
  2 oozes
  2 adder skeletons
  3 worms
  6 leopard geckos
  32 orcs
  9 bats
  7 giant cockroaches
  11 goblins
  15 hobgoblins
  11 jackals
  8 kobolds
  6 quokkas
  5 frilled lizards
  A leopard gecko skeleton (D:6)
  14 rats
211 creatures vanquished.

Vanquished Creatures (collateral kills)
  An ice beast (D:8)
  A centaur (D:7)
  A phantom (D:8)
  Dowan (D:6)
  A killer bee (D:7)
  A wight (D:6)
  An electric eel (D:8)
  A centaur zombie (D:6)
  A bullfrog zombie (D:6)
  A bullfrog skeleton (D:6)
  A hound zombie (D:6)
  A hound skeleton (D:5)
  An adder (D:6)
  A gnoll (D:8)
  A shadow imp (D:7)
  An adder skeleton (D:6)
16 creatures vanquished.

Vanquished Creatures (others)
  A plant (D:8)
1 creature vanquished.

Grand Total: 228 creatures vanquished

Notes
Turn   | Place    | Note
-------+----------+-------------------------------------------
     0 | D:1      | gruber the Demonspawn Ice Elementalist began the quest for
                  | the Orb.
     0 | D:1      | Reached XP level 1. HP: 13/13 MP: 3/3
   422 | D:1      | Reached skill level 4 in Ice Magic
   422 | D:1      | Gained mutation: You are partially covered in icy blue
                  | scales. (AC +2) [demonic ancestry]
   422 | D:1      | Reached XP level 2. HP: 19/19 MP: 1/5
  1249 | D:1      | Gained mutation: You regenerate a little health from kills.
                  | [demonic ancestry]
  1249 | D:1      | Reached XP level 3. HP: 24/24 MP: 4/6
  1505 | D:2      | Learned a level 3 spell: Frozen Ramparts
  1710 | D:2      | Noticed Robin
  1732 | D:2      | Killed Robin
  1732 | D:2      | Gained mutation: You regenerate health from kills. [demonic
                  | ancestry]
  1732 | D:2      | Reached XP level 4. HP: 30/30 MP: 2/8
  2001 | D:2      | Noticed a +0 hand axe
  2001 | D:2      | Noticed a +0 dagger
  2005 | D:2      | Found a hide-covered altar of Uskayaw.
  2711 | D:3      | Found a glowing silver altar of Zin.
  3056 | D:3      | Reached skill level 5 in Ice Magic
  3200 | D:3      | Learned a level 2 spell: Blink
  3206 | D:3      | Gained mutation: You have a pair of small antennae on your
                  | head. [demonic ancestry]
  3206 | D:3      | Reached XP level 5. HP: 35/35 MP: 7/9
  3874 | D:4      | Noticed an ogre
  3903 | D:4      | Learned a level 4 spell: Summon Ice Beast
  4303 | D:4      | Reached XP level 6. HP: 18/41 MP: 0/11
  4436 | D:4      | Reached skill level 6 in Ice Magic
  5035 | D:4      | Found a staircase to the Ecumenical Temple.
  5127 | Temple   | Entered the Ecumenical Temple
  5135 | Temple   | Became a worshipper of Vehumet
  5169 | D:4      | Gained mutation: You are mostly covered in icy blue scales.
                  | (AC +3) [demonic ancestry]
  5169 | D:4      | Reached XP level 7. HP: 46/46 MP: 13/13
  5173 | D:4      | Reached skill level 1 in Short Blades
  5699 | D:5      | Entered Level 5 of the Dungeon
  5699 | D:5      | Noticed Sigmund
  5748 | D:5      | Reached skill level 7 in Ice Magic
  5844 | D:5      | Reached * piety under Vehumet
  5844 | D:5      | Offered knowledge of Sandblast by Vehumet.
  6047 | D:5      | Reached skill level 5 in Spellcasting
  6049 | D:5      | Killed Sigmund
  6054 | D:5      | Reached XP level 8. HP: 48/52 MP: 9/15
  6666 | D:5      | Noticed a hippogriff
  6675 | D:5      | Killed a hippogriff
  6675 | D:5      | Reached skill level 8 in Ice Magic
  7076 | D:6      | Reached skill level 1 in Summonings
  7446 | D:6      | Offered knowledge of Foxfire by Vehumet.
  7542 | D:6      | Noticed Duvessa
  7544 | D:6      | Noticed Dowan
  7548 | D:6      | Killed Duvessa
  7553 | D:6      | Killed Dowan
  7553 | D:6      | Reached ** piety under Vehumet
  7797 | D:6      | Reached skill level 5 in Summonings
  7903 | D:6      | Reached skill level 1 in Translocations
  7903 | D:6      | Gained mutation: You have a pair of antennae on your head.
                  | [demonic ancestry]
  7903 | D:6      | Reached XP level 9. HP: 45/57 MP: 8/18
  8102 | D:6      | Got a fine leather armour
  8103 | D:6      | Identified the +0 leather armour of the Alphagorgon {rF+
                  | Str+4 Stlth+} (You found it on level 6 of the Dungeon)
  8137 | D:6      | Noticed Blork the orc
  8141 | D:6      | Killed Blork the orc
  8621 | D:7      | Learned a level 4 spell: Hailstorm
  8629 | D:7      | Offered knowledge of Searing Ray by Vehumet.
  8634 | D:7      | Reached skill level 1 in Conjurations
  8744 | D:7      | Reached *** piety under Vehumet
  9143 | D:7      | Reached skill level 1 in Armour
  9240 | D:7      | Found a sacrificial altar of Ru.
  9243 | D:7      | Found a shattered altar of Ashenzari.
  9243 | D:7      | Found an ancient bone altar of Kikubaaqudgha.
  9245 | D:7      | Found a white marble altar of Elyvilon.
  9245 | D:7      | Found a blossoming altar of Fedhas.
  9775 | D:8      | Offered knowledge of Iskenderun's Mystic Blast by Vehumet.
  9992 | D:8      | Found a shadowy altar of Dithmenos.
 10360 | D:8      | Noticed a nameless horror
 10532 | D:8      | Found a hazy altar of Hepliaklqana.
 10533 | D:8      | Found a shimmering altar of Xom.
 10533 | D:8      | Noticed a hell beast
 10534 | D:8      | Noticed a spectral ugly thing
 10551 | D:8      | Killed a nameless horror
 10611 | D:8      | Killed from afar by an electric eel

Levels and vault maps discovered:
D:1:      heliophobic_arrival_dark_side_of_the_moon, layout_basic
D:2:      layout_basic, dancing_weapons_uskayaw, uniq_robin
D:3:      layout_loops_corners, lemuel_crystal_altar, first_ration
D:4:      layout_cave_pools, minmay_temple_entry_glassed_door
D:5:      layout_gridville, corexii_leaking_fountain, uniq_sigmund
D:6:      hangedman_cross_stitches, layout_cave_pods, uniq_blork_the_orc,
          uniq_duvessa
D:7:      layout_basic, grunt_temple_overflow_open
D:8:      layout_basic, regret_index_temple_of_mockery,
          gammafunk_temple_overflow_claw, serial_bayou, serial_bayou_pond_a,
          serial_bayou_lake_a, serial_bayou_pond_b, serial_bayou_pond_a,
          nicolae_dithmenos_shadow_blocks
Temple:   eino_temple_lava

Skill      XL: |  1  2  3  4  5  6  7  8  9 |
---------------+----------------------------+-----
Ice Magic      | 4 5 6 7 8 |  8.3
Spellcasting   | 3 4 5 6 |  6.0
Short Blades   | 1 |  1.1
Summonings     | 5 |  5.0
Translocations | 1 3 |  3.0
Conjurations   | 3 |  3.1
Armour         | 4 |  4.0
Dodging        | 3 |  3.8
Stealth        | |  1.7

Action                   |  1- 3 |  4- 6 |  7- 9 || total
-------------------------+-------+-------+-------++-------
Melee: Unarmed           |    10 |     4 |       ||    14
       Staff             |       |     3 |     6 ||     9
       Rapier            |       |    37 |   123 ||   160
 Cast: Freeze            |    49 |    65 |    72 ||   186
       Frozen Ramparts   |     2 |    21 |    47 ||    70
       Summon Ice Beast  |       |       |    21 ||    21
       Hailstorm         |       |       |    11 ||    11
Evoke: Wand              |       |       |     1 ||     1
  Use: Scroll            |       |       |     5 ||     5
 Stab: Sleeping          |       |     1 |     7 ||     8
  Eat: Chunk             |     8 |    19 |    23 ||    50
Armor: Robe              |     7 |    28 |    32 ||    67
       Leather armour    |       |       |    36 ||    36
Dodge: Dodged            |    29 |    59 |   140 ||   228

Table legend:
 A = Non-vault XP
 B = Vault XP
 C = Vault XP percentage of total XP
 D = Non-vault monster count
 E = Vault monster count
 F = Vault count percentage of total count
                 A         B        C        D         E       F
            +---------+---------+-------+---------+---------+-------
      Total |    3987 |     931 |  18.9 |     198 |      28 |  12.4
            +---------+---------+-------+---------+---------+-------
        D:1 |      44 |       0 |   0.0 |      23 |       0 |   0.0
        D:2 |      50 |      36 |  41.9 |      17 |      12 |  41.4
        D:3 |      97 |       0 |   0.0 |      31 |       0 |   0.0
        D:4 |     738 |       0 |   0.0 |      29 |       0 |   0.0
        D:5 |     781 |     132 |  14.5 |      29 |       1 |   3.3
        D:6 |     631 |     672 |  51.6 |      23 |      13 |  36.1
        D:7 |    1041 |       0 |   0.0 |      25 |       0 |   0.0
        D:8 |     605 |      91 |  13.1 |      21 |       2 |   8.7
            +---------+---------+-------+---------+---------+-------
